 Dungeon Crawl Stone Soup version 0.30-a0-149-g7f746667c4 (webtiles) character file.

Game seed: 12862437519161023271

1659 themarg the Magician (level 9, -4/59 HPs)
             Began as a Djinni Fire Elementalist on Sept 26, 2022.
             Was an Initiate of Ashenzari.
             Slain by an orc warrior
             ... wielding a +0 dire flail
              (16 damage)
             ... on level 6 of the Dungeon.
             The game lasted 00:21:35 (7312 turns).

themarg the Magician (Djinni Fire Elementalist)     Turns: 7312, Time: 00:21:36

Health: -4/59      AC:  4    Str:  7    XL:     9   Next: 20%
Gold:   177        EV: 13    Int: 22    God:    Ashenzari [......] SH:  0 Dex: 13

rFire   + + .      SeeInvis .    r - +2 dagger (venom)
rCold   x . .      Faith    .    (no shield)
rNeg    . . .      Spirit   .    a - +0 robe
rPois   ∞          Reflect  .    (no helmet)
rElec   .          Harm     .    k - +0 cloak
rCorr   .          Rampage  .    h - +0 pair of gloves
Will    .....                    (boots unavailable)
Stlth   ++........               (no amulet)
HPRegen 0.19/turn                (no ring)
MPRegen 0.00/turn                (no ring)

@: flying, very slightly contaminated
A: sickness immunity, fire resistance 2, cold vulnerability 1, float, innate
caster, HP casting, extra vitality 1
a: Renounce Religion


You were on level 6 of the Dungeon.
You worshipped Ashenzari.
Ashenzari was noncommittal.
You visited 2 branches of the dungeon, and saw 7 of its levels.
You also visited: Sewer.

You collected 334 gold pieces.
You spent 157 gold pieces at shops.

Inventory:

Hand Weapons
 r - a +2 dagger of venom (weapon)
Missiles
 l - 44 poisoned darts
 m - a curare-tipped dart
Armour
 a - a +0 robe (worn)
 h - a +0 pair of gloves (worn)
 k - a +0 cloak (worn)
Scrolls
 b - 2 scrolls of teleportation
 d - a scroll of immolation {unknown}
 e - 3 scrolls of enchant weapon {unknown}
 f - a scroll of poison {unknown}
 p - a scroll of butterflies {unknown}
 q - 2 scrolls of magic mapping
 s - a scroll of vulnerability {unknown}
 u - a scroll of fear {unknown}
 v - a scroll of amnesia {unknown}
 y - a scroll of noise {unknown}
Potions
 c - a potion of invisibility {unknown}
 g - 2 potions of heal wounds
 i - 2 potions of curing
 j - 2 potions of degeneration {unknown}
 n - a potion of resistance {unknown}
 o - a potion of haste {unknown}
 t - 2 potions of brilliance
 w - a potion of flight {unknown}
 x - a potion of cancellation {unknown}


   Skills:
 + Level 2.9 Fighting
 + Level 4.3 Dodging
 - Level 3.0 Stealth
 * Level 7.8 Spellcasting


You couldn't memorise any spells.
You knew the following spells:

 Your Spells              Type           Power      Damage    Failure   Level
a - Foxfire               Conj/Fire      100%       2x1d9     1%          1
b - Scorch                Fire           86%        2d9       1%          2
c - Kindle Blastsparks    Fire/Tloc/Air  86%        2d17      1%          3
d - Inner Flame           Hex/Fire       43%        N/A       1%          3
e - Flame Wave            Conj/Fire      43%        2d11      3%          4
f - Beastly Appendage     Tmut           86%        N/A       1%          1
g - Wereblood             Tmut           43%        N/A       1%          2
h - Teleport Other        Tloc           43%        N/A       1%          3
i - Dispel Undead         Necr           43%        3d17      3%          4
Your spell library was empty.

Dungeon Overview and Level Annotations

Branches:
Dungeon (6/15)             Temple (1/1) D:5           Sewer (visited)

Altars:
Ashenzari
Cheibriados
Dithmenos
Elyvilon
Fedhas
Gozag
Hepliaklqana
Makhleb
Nemelex Xobeh
Okawaru
Qazlal
Ru
Trog
Uskayaw
Wu Jian
Xom
Yredelemnul
Zin
The Shining One

Shops:
D:4 :   D:5 ?[

Annotations:
D:3 1 exclusion


Innate Abilities, Weirdness & Mutations

You are immune to sickness and miasma.
You are immune to poison.
Your flesh is very heat resistant. (rF++)
You are vulnerable to cold. (rC-)
You float through the air rather than walking.
You learn spells naturally, not from books.
Your magical power is your life essence.
You have superior vitality. (+4 MHP)


Message History

You kill the adder!
HP restored.
Found a trident.
An orc warrior comes into view.
It is wielding a +0 dire flail and wearing a +3 plate armour of cold resistance.
The orc warrior shouts!
Casting: Scorch (safe; 1% risk of failure)
Confirm with . or Enter, or press ? or * to list all spells.
Casting: Flame Wave (dangerous; 3% risk of failure)
Press: ? - help, Dir - look around, f - activate A wave of flame ripples out!
The flame wave engulfs the orc warrior but does no damage. (Press . to intensify the flame waves.)
You hear a shout!
The orc warrior hits you with a +0 dire flail!
A wave of flame ripples out!
The flame wave engulfs the orc warrior!
The orc warrior is heavily wounded.
The orc warrior hits you with a +0 dire flail!
A wave of flame ripples out!
The flame wave engulfs the orc warrior.
The orc warrior is severely wounded.
You finish channelling waves of flame.
You hear an angry hiss.
The orc warrior closely misses you.
Casting: Flame Wave (dangerous; 3% risk of failure)
Confirm with . or Enter, or press ? or * to list all spells.
Flames lash the orc warrior.
The orc warrior is severely wounded.
The orc warrior's fire resistance burns away.
The orc warrior hits you with a +0 dire flail.
Casting: Scorch (safe; 1% risk of failure)
Confirm with . or Enter, or press ? or * to list all spells.
Casting: Flame Wave (dangerous; 3% risk of failure)
Press: ? - help, Dir - look around, f - activate You miscast Flame Wave.
You are very lightly contaminated with residual magic.
Nothing appears to happen.
The orc warrior hits you with a +0 dire flail!
* * * LOW HITPOINT WARNING * * *
An orc comes into view. It is wielding a +0 hand axe.
The orc warrior hits you with a +0 dire flail!
You die...

#. #. #. #.
#.######
#######
.o....
#......
##..# ###..
#o.)# #.# .
##@#.#
###.# ..
#..#.#
#...# #..
#.##.#
#.###
#..######.#
.# #. ##.#
#......#.#
.# #.#
##..#
#.#...# .#
#.# #..##
#..#### .#
#.# ##.##
##..####.#
#.###..#
##...##.#
#.#...##


You could see an orc warrior (combustible) and an orc.

Vanquished Creatures
  A sky beast (D:5)
  2 black bears (D:4)
  A phantom (D:4)
  10 kobold brigands (Sewer)
  A necrophage (D:5)
  A gnoll sergeant (D:4)
  A howler monkey (D:4)
  A crimson imp (D:3)
  3 hounds
  An orc priest (D:4)
  Jessica (D:2)
  An iguana (D:5)
  4 gnolls (D:4)
  5 adders
  2 river rats (Sewer)
  A shadow imp (D:4)
  2 white imps
  An ufetubus (D:5)
  5 worms
  4 dart slugs
  3 orcs (D:4)
  4 endoplasms
  9 giant cockroaches
  6 goblins
  5 hobgoblins
  6 jackals
  4 quokkas
  12 ball pythons
  3 bats
  3 frilled lizards
  2 hobgoblin zombies (D:3)
  15 kobolds
  A kobold skeleton (D:3)
  2 kobold zombies (D:3)
  An orc skeleton (D:3)
  12 rats
136 creatures vanquished.

Vanquished Creatures (others)
  236 foxfires
236 creatures vanquished.

Grand Total: 372 creatures vanquished

Notes
Turn   | Place    | Note
-------+----------+-------------------------------------------
     0 | D:1      | themarg the Djinni Fire Elementalist began the quest for
                  | the Orb.
     0 | D:1      | themarg set off with the following spells memorised:
                  | Foxfire, Scorch, Kindle Blastsparks, Inner Flame, Flame
                  | Wave.
     0 | D:1      | Reached XP level 1. HP: 15/15 MP: 0/0
   341 | D:1      | Reached XP level 2. HP: 19/21 MP: 0/0
   972 | D:1      | Reached XP level 3. HP: 22/25 MP: 0/0
   972 | D:1      | Learned a level 1 spell: Beastly Appendage
  1567 | D:2      | Noticed Jessica
  1569 | D:2      | Killed Jessica
  1570 | D:2      | Reached skill level 3 in Spellcasting
  1570 | D:2      | Reached XP level 4. HP: 27/31 MP: 0/0
  2799 | D:3      | Found a glowing drain.
  2804 | D:3      | Reached XP level 5. HP: 22/35 MP: 0/0
  2804 | D:3      | Learned a level 2 spell: Wereblood
  2847 | Sewer    | Entered a sewer
  2969 | Sewer    | Noticed a kobold brigand
  2977 | Sewer    | Killed a kobold brigand
  2978 | Sewer    | Reached skill level 4 in Spellcasting
  3140 | Sewer    | Noticed a kobold brigand
  3147 | Sewer    | Reached XP level 6. HP: 33/40 MP: 0/0
  3335 | Sewer    | Reached skill level 5 in Spellcasting
  3372 | Sewer    | Reached XP level 7. HP: 38/45 MP: 0/0
  3372 | Sewer    | Learned a level 3 spell: Teleport Other
  3645 | Sewer    | Reached skill level 6 in Spellcasting
  3926 | Sewer    | Reached XP level 8. HP: 43/50 MP: 0/0
  4433 | D:3      | Found a glowing golden altar of the Shining One.
  5018 | D:4      | Reached skill level 7 in Spellcasting
  5131 | D:4      | Reached skill level 1 in Fighting
  5640 | D:4      | Found Gamor's Book Shop.
  5751 | D:4      | Identified the +5 sling of Bodily Harmony {venom, rF++}
  5992 | D:5      | Entered Level 5 of the Dungeon
  6012 | D:5      | Reached XP level 9. HP: 52/58 MP: 0/0
  6012 | D:5      | Learned a level 4 spell: Dispel Undead
  6102 | D:5      | Found Onaniuf's Antique Armour Shoppe.
  6525 | D:5      | Found a staircase to the Ecumenical Temple.
  6537 | Temple   | Entered the Ecumenical Temple
  6601 | Temple   | Became a worshipper of Ashenzari the Shackled
  6873 | D:5      | Found Yfikhaamm's Magic Scroll Boutique.
  6876 | D:5      | Bought a scroll of teleportation for 45 gold pieces
  6876 | D:5      | Bought a scroll of magic mapping for 112 gold pieces
  7312 | D:6      | Slain by an orc warrior

Illustrated notes

Levels and vault maps discovered:
D:1:      minmay_arrival_floating_metal, layout_loops_ring
D:2:      layout_loops_corners, serial_aquarium, aquarium_bridge_square
          [aquarium_subvault_balcony, aquarium_subvault_wall,
          aquarium_subvault_bridge, aquarium_subvault_bridge],
          aquarium_bridge_square [aquarium_subvault_wall,
          aquarium_subvault_bridge, aquarium_subvault_bridge,
          aquarium_subvault_bridge], aquarium_window_fake, aquarium_window_fake,
          aquarium_window_fake, aquarium_window_2, aquarium_view_2e,
          minmay_quantized, uniq_jessica
D:3:      layout_rooms, nicolae_tso_besieged_by_evil, gup_sewer_entry_pipe,
          lightli_corner_chamber
D:4:      layout_loops_ring, serial_shops, nicolae_take_the_stairs,
          lightli_minifort
D:5:      layout_rooms, minmay_temple_entry_ruins, serial_shops,
          kennysheep_mini_moat, shop_fountains, serial_co_window_serial,
          co_window_paths_b, co_window_paths_b, co_window_of_opportunity_a,
          co_window_paths_b, co_window_paths_b, co_window_broadway_b,
          co_window_unsneaky_path_e, co_window_unsneaky_path_a,
          co_window_of_opportunity_b, glass_columns_c, glass_columns_c,
          glass_columns_a, glass_columns_a, glass_columns_b
D:6:      cheibrodos_helix_gallery, layout_basic
Temple:   compressed_dpeg_triangle_lava_temple

Skill      XL: |  1  2  3  4  5  6  7  8  9 |
---------------+----------------------------+-----
Stealth        | 2 3 |  3.0
Spellcasting   | 3 4 5 6 7 |  7.8
Dodging        | 3 4 |  4.3
Fighting       | 2 |  2.9

Action                   |  1- 3 |  4- 6 |  7- 9 || total
-------------------------+-------+-------+-------++-------
Melee: Unarmed           |     3 |       |       ||     3
       Short sword       |     1 |    14 |       ||    15
       Dagger            |       |       |     8 ||     8
 Cast: Foxfire           |    43 |    59 |    65 ||   167
       Scorch            |    10 |    14 |    52 ||    76
       Inner Flame       |       |       |    15 ||    15
       Kindle Blastspark |       |       |     3 ||     3
       Flame Wave        |       |       |     2 ||     2
  Use: Scroll            |       |       |     3 ||     3
 Stab: Sleeping          |       |     1 |       ||     1
Armor: Robe              |     1 |     4 |     1 ||     6
Dodge: Dodged            |     6 |    15 |     9 ||    30

Table legend: (Time is in decaauts)
 A = Elapsed time spent in this place.
 B = Non-inter-level travel time spent in this place.
 C = Inter-level travel time spent in this place.
 D = Time resting spent in this place.
 E = Time spent auto-exploring this place.
 F = Levels seen in this place.
 G = Mean time per level.
                   A        B        C        D        E       F      G
               +--------+--------+--------+--------+--------+-----+--------+
         Total |   7310 |   7126 |    184 |   2144 |   3850 |   8 |  913.8 |
       Dungeon |   5811 |   5639 |    172 |   1428 |   3444 |   6 |  968.5 |
        Temple |     77 |     65 |     12 |      0 |      0 |   1 |   77.0 |
         Sewer |   1421 |   1421 |      0 |    716 |    406 |   1 | 1421.0 |
               +--------+--------+--------+--------+--------+-----+--------+

Top non-repeatable levels by time:
   Sewer: 1421 daAuts
     D:1: 1385 daAuts
     D:2: 1362 daAuts
     D:5: 1077 daAuts
     D:4: 1001 daAuts
     D:3: 842 daAuts
     D:6: 141 daAuts
  Temple: 77 daAuts
